 Dungeon Crawl Stone Soup version 0.28.0 (webtiles) character file.

Game seed: 15067102340307508128

650 dorian the Gusty (level 7, -2/36 HPs)
             Began as a Tengu Air Elementalist on Feb 11, 2022.
             Was an Initiate of Vehumet.
             Slain by a polar bear (4 damage)
             ... on level 5 of the Dungeon.
             The game lasted 00:13:21 (5765 turns).

dorian the Gusty (Tengu Air Elementalist)           Turns: 5765, Time: 00:13:21

Health: -2/36      AC:  2    Str:  8    XL:     7   Next: 53%
Magic:  7/22       EV: 14    Int: 18    God:    Vehumet [......]
Gold:   245        SH:  0    Dex: 14    Spells: 1/13 levels left

rFire   . . .      SeeInvis .   n - +1 dagger (venom)
rCold   . . .      Faith    .   (no shield)
rNeg    . . .      Spirit   .   a - +0 robe
rPois   .          Reflect  .   (helmet restricted)
rElec   .          Harm     .   (no cloak)
rCorr   +          Rampage  .   (no gloves)
Will    .....                   (boots unavailable)
Stlth   ++........              b - amulet of the acrobat
HPRegen 0.12/turn               g - ring of resist corrosion
MPRegen 0.18/turn               m - ring of magical power

@: flying quickly and evasively, quick
A: beak, talons 3, nimble flight
a: Renounce Religion


You were on level 5 of the Dungeon.
You worshipped Vehumet.
Vehumet was noncommittal.
You visited 2 branches of the dungeon, and saw 6 of its levels.

You collected 285 gold pieces.
You spent 40 gold pieces at shops.

Inventory:

Hand Weapons
 f - a +0 dagger of venom
 n - a +1 dagger of venom (weapon)
Armour
 a - a +0 robe (worn)
 o - a +0 ring mail of cold resistance
Jewellery
 b - an amulet of the acrobat (around neck)
 g - a ring of resist corrosion (left hand)
 h - an amulet of reflection
 m - a ring of magical power (right hand)
Wands
 k - a wand of polymorph (9)
Scrolls
 e - a scroll of teleportation
Potions
 c - 2 potions of mutation {unknown}
 d - a potion of lignification {unknown}
 i - 2 potions of attraction {unknown}
 j - a potion of resistance {unknown}
 l - 4 potions of heal wounds


   Skills:
 - Level 2.1 Dodging
 - Level 2.0 Stealth
 + Level 3.7 Spellcasting
 * Level 6.6 Conjurations
 * Level 7.7 Air Magic


You had one spell level left.
You knew the following spells:

 Your Spells              Type           Power      Damage    Failure   Level
a - Shock                 Conj/Air       100%       1d9       1%          1
b - Static Discharge      Conj/Air       29%        N/A       1%          2
c - Poisonous Vapours     Pois/Air       34%        N/A       4%          2
d - Airstrike             Air            15%        N/A       6%          4
e - Call Canine Familiar  Summ           3%         N/A       41%         3

Your spell library contained the following spells:

 Spells                   Type           Power      Damage    Failure   Level
 Sting                    Tmut/Pois      12%        1d3       16%         1
 Summon Small Mammal      Summ           12%        N/A       16%         1
 Swiftness                Air            31%        N/A       1%          3
 Corpse Rot               Necr/Air       34%        N/A       4%          2
 Blink                    Tloc           6%         N/A       22%         2
 Summon Guardian Golem    Hex/Summ       3%         N/A       41%         3
 Dispel Undead            Necr           3%         3d7       83%         4
 Olgreb's Toxic Radiance  Pois           3%         N/A       83%         4
 Manifold Assault         Tloc           3%         N/A       99%         5
 Death Channel            Necr           1%         N/A       100%        6
 Orb of Destruction       Conj           13%        9d7       100%        7
 Spellforged Servitor     Conj/Summ      7%         N/A       100%        7
 Storm Form               Tmut/Air       8%         N/A       100%        7


Dungeon Overview and Level Annotations

Branches:
Dungeon (5/15)             Temple (1/1) D:5

Altars:
Elyvilon
Fedhas
Hepliaklqana
Okawaru
Qazlal
Trog
Uskayaw
Vehumet
Wu Jian
Yredelemnul
The Shining One
Jiyva

Shops:
D:3 ?(*[


Innate Abilities, Weirdness & Mutations

You have a beak for a mouth.
You have claws for feet.
Your magical nature lets you fly swiftly and evasively.


Message History

The polar bear is struck by an arc of lightning.
The polar bear is heavily wounded.
The lightning grounds out.
The polar bear bites you! The polar bear claws you.
The polar bear barely misses you.
Unknown command.
Casting: Static Discharge (safe; 1% risk of failure)
Confirm with . or Enter, or press ? or * to list all spells.
The polar bear is struck by an arc of lightning.
The polar bear is severely wounded.
You are struck by an arc of lightning.
The lightning grounds out.
The polar bear bites you. The polar bear claws you.
* * * LOW HITPOINT WARNING * * *
The polar bear completely misses you.
Unknown command.
The polar bear goes berserk!
Casting: Static Discharge (safe; 1% risk of failure)
Confirm with . or Enter, or press ? or * to list all spells.
The spell is quite dangerous to miscast (6% risk of failure)!
Continue anyway?
Aiming: Airstrike (quite dangerous; 6% risk of failure)
Press: ? - help, Dir - move target, f/p - polar bear
Aim: a polar bear (severely wounded, berserk, poisoned, empty space bonus: 6/8)
The air twists around and strikes the polar bear!
The polar bear is almost dead.
Casting: Airstrike (quite dangerous; 6% risk of failure)
Confirm with . or Enter, or press ? or * to list all spells.
You don't know that spell.
Casting: Airstrike (quite dangerous; 6% risk of failure)
Confirm with . or Enter, or press ? or * to list all spells.
The spell is quite dangerous to miscast (6% risk of failure)!
Continue anyway?
Aiming: Airstrike (quite dangerous; 6% risk of failure)
Press: ? - help, Dir - move target, f/p - polar bear
Aim: a polar bear (almost dead, berserk, poisoned, empty space bonus: 5/8)
The air twists around and strikes the polar bear.
The polar bear is almost dead.
The polar bear bites you.
* * * LOW HITPOINT WARNING * * *
The polar bear misses you. The polar bear claws you.
* * * LOW HITPOINT WARNING * * *
The polar bear barely misses you. The polar bear claws you.
You die...

#..##......####
##.##......>..#
#........#.##..
#..#####.#.# . ####
##.#.# #....#
#.####....#
++#########.........#
..#.......#####.@..##
...(......#####h...###
###.......##..........#
#....≈≈≈............#
#...≈≈§§≈...........#
#..≈§§≈§≈§..........#
#..≈§§>§§§..........#
#.(§≈≈≈§≈§#..........
#####.≈§§≈≈.###########


You could see a polar bear (berserk, poisoned).

Vanquished Creatures
  2 black bears (D:4)
  A water moccasin skeleton (D:5)
  A bullfrog zombie (D:5)
  An orc priest (D:3)
  2 iguanas
  3 orc wizards
  A scorpion zombie (D:5)
  A hound zombie (D:5)
  4 adders
  4 gnolls (D:4)
  3 ufetubi
  An adder skeleton (D:4)
  A worm (D:2)
  A dart slug (D:3)
  10 orcs
  5 ball pythons
  2 endoplasms (D:3)
  A giant cockroach (D:2)
  8 goblins
  9 hobgoblins
  4 jackals (D:5)
  3 quokkas
  7 bats
  9 frilled lizards
  12 kobolds
  10 rats
106 creatures vanquished.

Vanquished Creatures (others)
  38 plants
38 creatures vanquished.

Grand Total: 144 creatures vanquished

Notes
Turn   | Place    | Note
-------+----------+-------------------------------------------
     0 | D:1      | dorian the Tengu Air Elementalist began the quest for the
                  | Orb.
     0 | D:1      | Reached XP level 1. HP: 10/10 MP: 4/4
   212 | D:1      | Reached XP level 2. HP: 15/15 MP: 4/6
  1118 | D:2      | Reached XP level 3. HP: 18/19 MP: 5/7
  1223 | D:2      | Learned a level 2 spell: Static Discharge
  1545 | D:2      | Reached skill level 5 in Air Magic
  1744 | D:2      | Found a faded altar of an unknown god.
  1754 | D:2      | Reached XP level 4. HP: 24/24 MP: 5/8
  2203 | D:3      | Found Veaqaen's Assorted Antiques.
  2321 | D:3      | Bought a scroll labelled IWKAAKH ROEGI for 20 gold pieces
  2321 | D:3      | Bought a scroll labelled ODEXTA CEANE for 20 gold pieces
  2330 | D:3      | Found Cenaip's Antique Weapon Shop.
  2331 | D:3      | Found Eleuwo's Magic Scroll Boutique.
  2368 | D:3      | Found Vupomn's Armour Shoppe.
  2994 | D:3      | Learned a level 2 spell: Poisonous Vapours
  3077 | D:3      | Gained mutation: Your magical nature lets you fly swiftly
                  | and evasively. [Tengu growth]
  3077 | D:3      | Reached XP level 5. HP: 18/28 MP: 10/10
  3755 | D:4      | Reached skill level 6 in Air Magic
  3924 | D:4      | Noticed a black bear
  4109 | D:4      | Noticed a black bear
  4115 | D:4      | Reached XP level 6. HP: 27/32 MP: 9/11
  4132 | D:4      | Killed a black bear
  4133 | D:4      | Reached skill level 5 in Conjurations
  4245 | D:4      | Killed a black bear
  4246 | D:4      | Reached skill level 7 in Air Magic
  4455 | D:4      | Reached XP level 7. HP: 36/36 MP: 13/13
  4984 | D:4      | Learned a level 4 spell: Airstrike
  4988 | D:4      | Learned a level 3 spell: Call Canine Familiar
  5017 | D:5      | Entered Level 5 of the Dungeon
  5017 | D:5      | Found a staircase to the Ecumenical Temple.
  5024 | Temple   | Entered the Ecumenical Temple
  5066 | Temple   | Became a worshipper of Vehumet
  5088 | D:5      | Noticed a polar bear
  5088 | D:5      | a centaur changed into a polar bear
  5386 | D:5      | Found a stormy altar of Qazlal.
  5765 | D:5      | Slain by a polar bear

Illustrated notes

Levels and vault maps discovered:
D:1:      minmay_arrival_glassed_features, layout_loops_ring,
          lexackson_kobold_supper
D:2:      layout_loops_corners, ebering_ecumenical_altar_mist
D:3:      layout_basic, serial_shops, nicolae_shop_hallway_stairs, shop, shop,
          shop_coins
D:4:      layout_loops_ring, nicolae_grassy_gnolls
D:5:      kennysheep_kobold_camp, layout_basic,
          mainiacjoe_overflow_small_starburst, nemelex_altar_shiori,
          minmay_temple_entry_mist, item_on_display_a
Temple:   pf_slime_end_temple

Skill      XL: |  1  2  3  4  5  6  7 |
---------------+----------------------+-----
Conjurations   | 2 3 4 5 6 |  6.6
Air Magic      | 5 6 7 |  7.7
Spellcasting   | 3 |  3.7
Dodging        | |  2.1
Stealth        | |  2.0

Action                   |  1- 3 |  4- 6 |  7- 9 || total
-------------------------+-------+-------+-------++-------
Melee: Unarmed           |     2 |       |       ||     2
       Kick              |     1 |     2 |       ||     3
       Dagger            |     1 |    13 |       ||    14
       Peck              |       |     3 |       ||     3
 Cast: Shock             |    71 |    88 |    46 ||   205
       Static Discharge  |       |     7 |    11 ||    18
       Poisonous Vapours |       |    11 |     7 ||    18
       Airstrike         |       |       |     2 ||     2
Evoke: Wand              |       |       |     2 ||     2
  Use: Scroll            |       |     5 |     2 ||     7
Armor: Robe              |     4 |     3 |     1 ||     8
Dodge: Dodged            |    11 |    17 |    10 ||    38
